Arrhythmia, chaotic female vampiric Convict --------- --- --.............### ------- --------------- ...---|.........--.(| #|..=..| ------- |.............| |......---------|..| ..(@I.| |>....| --|---.--.----+| |-.....---- ---- |.....| ------ --....|--- |..|...|-.|.-..| |.........|--- ----- --.+--- |..-.| ---.)|..---|..|--|-..--|..| ----.|....|..----...-- |0| |..|.| ---|-.....-|--........--|| -----..|....|.....---- |.. |..|.|-----......--..........%.....| ------ |..|.............---)-. ---|.-..||.......-|..--------|--..-- |(%%%| --.(....---...........-.--- |.|..||........|--|.......%.|..-- |....| |........|...|...........---|.|..|--.......| |..(......|...| ---|-- ----....-------...---......-|.|------....--- -----------...| ------.---...-|...-|..|..|-...|..---...|.--..|...|....|------ |..%....-- |..|-.%.......|..--|..|..|--.....|-....|........---...-|.((.| |.------- |..-...............-|---|-----..-|..........--....|-...-..((| |.|...| -----..........----...............|...`.......|-...|...-|.((.| |.|...| |............%.-- |-|--.---------.........--..|........|------ |.--|------- ||-----.........| |%..|.|.(((| --.......-----|...|....|--------.....|....| |%..| --..------- |...|.-.(.(| ---...--- --..|...--......|......-(.-|| |...| ---- ------|.(((| ----- -----.....----........|..|(| ----- ------ ------- --------------- Arrhythmia the Jail-bird Experience level: 7 Strength: 15 Dexterity: 15 Constitution: 18 Intelligence: 10 Wisdom: 8 Charisma: 9 Health: 0(75) Energy: 41(41) AC: -2 Gold: 0 Moves: 2619 Your Inventory: Armor b - a cursed +0 striped shirt (being worn) h - an [uncursed] +0 elven mithril-coat (being worn) j - an [uncursed] +0 pair of leather gloves (being worn) l - an [uncursed] +0 pair of hard shoes [iron] (being worn) y - a cursed +0 elven cloak (being worn) D - an uncursed +0 small shield (being worn) R - an uncursed +1 plumed helmet [helmet] (being worn) Scrolls d - an uncursed scroll labeled ELAM EBOW [of teleportation] e - a blessed scroll labeled THARR [of taming] i - 2 uncursed scrolls labeled VELOX NEB [of enchant weapon] Y - an uncursed scroll labeled LEP GEX VEN ZEA [of enchant armor] Potions w - an uncursed brown potion [of full healing] Rings k - an uncursed agate ring [of stealth] (on right hand) m - an uncursed silver ring [of slow digestion] Spells known in the end: Name Level Category Fail Memory Your skills at the end: Fighting Skills Weapon Skills sling [Basic / Skilled] Spellcasting Skills Final Attributes: You were piously aligned. Hunger level was 329. Your alignment was 23 / 23. Monster difficulty range was 1 - 7. Level difficulty was 7. You were immune to poison. You were immune to level-drain. You were immune to sickness. You were hallucinating. You were blinded. You were punished. You were stealthy. You could fly. You could survive without air. You regenerated. Your luck was zero. You are dead. Vanquished creatures: a small mimic a tengu a crocodile 2 panthers a giant spider a horse a black light 2 owlbears an orc shaman a rock piercer 3 gnome lords a gnomish wizard a ghoul 2 giant ants a floating eye a dwarf a kobold shaman a werejackal a coyote 2 hobbits a large kobold a hobgoblin a giant rat 9 gnomes 2 geckos 3 sewer rats 2 grid bugs 2 lichens 5 newts and a partridge in a pear tree 52 creatures vanquished. Voluntary challenges: You went without food. You never hit with a wielded weapon. You read items or engraved 3 times. You put on armor 22 times. You never genocided any monsters. You never polymorphed an object. You never changed form. You used no wishes. You abstained from Elbereth's help. You encountered 1 bones level. You never used any Sokoban shortcuts. Dungeon overview: The Dungeons of Doom: levels 1 to 4 Level 1 a long staircase Level 3 some fountains Level 4 an armor shop stairs to The Gnomish Mines The Gnomish Mines: levels 5 to 7 Level 5 stairs to The Dungeons of Doom Level 8 <- You were here many shops, a temple, a magic chest History has recorded: On T:1 you entered the Dungeons of Doom to retrieve the Amulet of Yendor! On T:217 you reached level 2 of The Dungeons of Doom. On T:345 you advanced to experience level 2. On T:566 you reached level 3 of The Dungeons of Doom. On T:785 you advanced to experience level 3. On T:1035 you reached level 4 of The Dungeons of Doom. On T:1274 you advanced to experience level 4. On T:1291 you reached level 1 of The Gnomish Mines. On T:1327 you advanced to experience level 5. On T:1782 you reached level 3 of The Gnomish Mines. On T:1808 you advanced to experience level 6. On T:2140 you advanced to experience level 7. Latest messages: You begin bashing monsters with your gloved hands. The poohbah of Shan Lai Ching gets angry! You hit the poohbah of Ptah. You miss the poohbah of The Lady. The poohbah of Issek wields a mace! The mace welds itself to the poohbah of Shan Lai Ching's hand! The poohbah of Camaxtli kicks! The poohbah of Huhetotl casts a spell at you! You are frozen in place! [HP-2=73] The poohbah of The Lady swings his mace. The poohbah of Quetzalcoatl hits! The poohbah of Crom kicks! The poohbah of Brigit points at you, then curses. [HP-23=50] The poohbah of Huhetotl swings his mace. The poohbah of Mercury hits! The poohbah of Grumbar kicks! The poohbah of Loki casts a spell at you! Scales cover your eyes! [HP-34=16] It hits! You die... Final status: Goodbye Arrhythmia the Convict... You died in The Gnomish Mines on dungeon level 7 with 2666 points, and 0 pieces of gold, after 2619 moves. You were level 7 with a maximum of 75 hit points when you died.